Cogmind - Beta 10.2 @@@ ROGUE MODE // 2021.02.23 @ 22:52:19 Player: leiavoia Result: Destroyed by G-34 Mercenary with Small Laser Performance ------------- Evolutions (1) 500 Regions Visited (3) 600 Robots Destroyed (22) 110 Value Destroyed (648) 648 Prototype IDs (3) 60 Alien Tech Used (0) 0 Bonus (0) 0 TOTAL SCORE: 1918 Bonus ------- None Cogmind --------- Core Integrity 0/400 Matter 300/300 Energy 100/100 System Corruption 0% Temperature Cool (6) Movement Treading (160) Location -9/Mines Parts ------- > --- POWER (1) -------- (None) > --- PROPULSION (2) --- Light Treads > --- UTILITY (3) ------ Medium Storage Unit Medium Storage Unit > --- WEAPON (3) ------- Heavy Hammer > --- INVENTORY (12) --- Ion Engine Light Ion Engine Aluminum Leg Improved Aluminum Leg Wheel Compact Wheel Large Storage Unit Large Storage Unit Datajack Peak State ------------ > --- POWER ------------ Improved Ion Engine > --- PROPULSION ------- Light Treads Improved Aluminum Leg > --- UTILITY ---------- Cooling System Medium Storage Unit Medium Storage Unit > --- WEAPON ----------- EM Pulse Cannon EM Pulse Cannon Heavy Hammer > --- INVENTORY -------- Aluminum Leg Wheel Compact Wheel Large Storage Unit Large Storage Unit Light Armor Plating EM Pulse Cannon Datajack [Rating: 18] Favorites ----------- Power Ion Engine Engine Ion Engine Power Core Light Nuclear Core Propulsion Aluminum Leg Treads Light Treads Leg Aluminum Leg Wheel Wheel Utility Medium Storage Unit Device Cooling System Storage Medium Storage Unit Processor Improved Targeting Computer Protection Light Armor Plating Weapon Improved Medium Laser Energy Gun Improved Medium Laser Energy Cannon EM Pulse Cannon Ballistic Gun Light Assault Rifle Impact Weapon Heavy Hammer Build | -11 -10 -9 -9 ------- Run | Scr Mat Mat Min Slots Evolved 2 | . . 2 . Power . | . . . . Propulsion . | . . . . Utility 1 | . . 1 . Weapon 1 | . . 1 . Parts Attached 43 | 7 15 20 1 Power 6 | 1 1 4 . Engine 5 | 1 1 3 . Core 1 | . . 1 . Reactor . | . . . . Propulsion 14 | 2 6 6 . Treads 5 | 1 1 3 . Leg 8 | . 5 3 . Wheel 1 | 1 . . . Hover . | . . . . Flight . | . . . . Utility 7 | 1 3 2 1 Device 1 | . . 1 . Storage 3 | 1 2 . . Processor 2 | . 1 1 . Hackware . | . . . . Protection 1 | . . . 1 Artifact . | . . . . Weapon 16 | 3 5 8 . Energy Gun 8 | 3 3 2 . Energy Cannon 4 | . . 4 . Ballistic Gun 3 | . 2 1 . Ballistic Cannon . | . . . . Launcher . | . . . . Special Weapon . | . . . . Impact Weapon 1 | . . 1 . Slashing Weapon . | . . . . Piercing Weapon . | . . . . Special Melee Weapon . | . . . . Unidentified Prototypes 1 | . 1 . . Parts Lost 15 | . . 9 6 Power 3 | . . 2 1 Propulsion 3 | . . 2 1 Utility 2 | . . . 2 Weapon 7 | . . 5 2 Highest Loss Streak 6 | . . 5 6 Average Slot Usage (%) 96 | . 98 96 69 Engine 11 | . 14 8 . Treads 5 | . 5 4 18 Leg 15 | . 16 16 . Wheel 2 | . 5 . . Device 2 | . . 5 . Storage 24 | . 26 22 22 Processor 3 | . 1 5 . Energy Gun 12 | . 18 7 . Energy Cannon 2 | . . 6 . Ballistic Gun 11 | . 9 13 7 Impact Weapon 2 | . . 4 11 Naked Turns . | . . . . Heaviest Build 40 | 13 27 40 24 Greatest Support 40 | 10 20 40 20 Greatest Overweight (x) 3 | 1 2 3 1 Average Overweight (x) 1 | . 1 1 1 Largest Inventory Capacity 12 | 6 12 12 12 Average Capacity 11 | 5 11 12 12 Most Carried 12 | 4 12 12 10 Average Carried 9 | 2 10 9 9 Final Capacity 12 | 6 12 12 12 Final Carried 12 | 4 12 10 9 Class Distribution -------------------- 69% | Mutant 21% | Gunner 9% | Scavenger-Mutant Dominant Class ---------------- Mutant | -10/Materials Gunner | -9/Materials Scavenger-Mutant | -9/Mines Resources | -11 -10 -9 -9 ----------- Run | Scr Mat Mat Min Matter Collected 721 | 255 199 259 8 Remotely . | . . . . Salvage Created 982 | . 378 544 60 Parts 41 | . 14 27 . Haulers Intercepted 1 | . . 1 . Recyclers Shooed 1 | . 1 . . Parts Field Recycled . | . . . . Retrieved Matter . | . . . . Parts Self-Destructed . | . . . . Prevented . | . . . . Kills | -11 -10 -9 -9 ------- Run | Scr Mat Mat Min Combat Hostiles Destroyed 17 | . 5 11 1 Melee 2 | . . 2 . Guns 11 | . 5 6 . Cannons 2 | . . 2 . Classes Destroyed 8 | . 3 5 . Worker 1 | . . 1 . Builder 1 | . 1 . . Hauler 1 | . . 1 . Recycler 2 | . 2 . . Swarmer 2 | . . 2 . Grunt 11 | . 5 5 1 Duelist 1 | . . 1 . Sentry 3 | . . 3 . Best Kill Streak 6 | . 4 6 1 Combat Bots Only 6 | . 2 6 1 Max Kills in Single Turn 1 | . 1 1 1 Gunslinging . | . . . . Exploded . | . . . . Melee 1 | . . 1 . Uniques/NPCs Destroyed . | . . . . Combat | -11 -10 -9 -9 -------- Run | Scr Mat Mat Min Damage Taken 2268 | . 388 1317 563 Core 467 | . 59 272 136 Absorbed by Shields . | . . . . Core Remaining (%) 88 | 100 76 . . Volleys Fired 73 | . 25 35 13 Largest 3 | . 2 3 1 Hottest 182 | . 112 182 20 Shots Fired 149 | . 50 86 13 Gun 128 | . 50 65 13 Cannon 21 | . . 21 . Launcher . | . . . . Special . | . . . . Kinetic 79 | . 22 44 13 Thermal 49 | . 28 21 . Explosive . | . . . . Electromagnetic 21 | . . 21 . Robot Hit Streak 16 | . 12 16 7 Robot Miss Streak 5 | . 3 5 1 Penetration Max . | . . . . Secondary Targets 1 | . . 1 . Max Gunslinging Chain 1 | . . 1 . Shots Hit Robots 115 | . 33 66 16 Core Hits 36 | . 13 19 4 Critical Hits . | . . . . Critical Kills . | . . . . Critical Parts Destroyed . | . . . . Melee Attacks 16 | . . 10 6 Impact 16 | . . 10 6 Slashing . | . . . . Piercing . | . . . . Sneak Attacks 3 | . . 2 1 Combat Hostiles 1 | . . . 1 Follow-up Attacks . | . . . . Damage Inflicted 1935 | . 491 1205 239 Guns 1246 | . 491 647 108 Cannons 260 | . . 260 . Explosions . | . . . . Melee 423 | . . 298 125 Ramming 6 | . . . 6 Kinetic 600 | . 149 343 108 Thermal 646 | . 342 304 . Explosive . | . . . . Electromagnetic 260 | . . 260 . Impact 423 | . . 298 125 Slashing . | . . . . Piercing . | . . . . Highest Corruption . | . . . . Average Corruption . | . . . . Corruption Purged . | . . . . Overload Shots . | . . . . Overflow Damage 92 | . . 87 5 Projectiles . | . . . . Explosions . | . . . . Melee 92 | . . 87 5 Knockbacks 1 | . . 1 . Impact 1 | . . 1 . Kinetic . | . . . . Secondary . | . . . . Self-Inflicted Damage . | . . . . Shots . | . . . . Rammed 4 | . . . 4 Targets Rammed 4 | . . . 4 Kicked . | . . . . Crushed . | . . . . Highest Temperature 309 | . 309 288 17 Average Temperature 99 | . 93 120 9 Received Heat Transfer 804 | . 222 261 321 Effects 1 | . 1 . . Energy Bleed 1 | . 1 . . Siege Activations . | . . . . Robots Corrupted 1 | . . 1 . Combat Hostiles 1 | . . 1 . Parts Fried 1 | . . 1 . Impact Corruptions 4 | . . 2 2 Robots Melted . | . . . . Combat Hostiles . | . . . . Parts Melted 3 | . 2 1 . Heat Transferred 1369 | . 740 629 . Parts Sabotaged . | . . . . Parts Stolen . | . . . . Parts Stripped . | . . . . Power Chain Reactions . | . . . . Missiles Intercepted . | . . . . Alert | -11 -10 -9 -9 ------- Run | Scr Mat Mat Min Peak Influence 169 | . 110 169 53 Initial 53 | . . 24 53 Average 52 | . 33 83 31 Maximum Alert Level . | . . . . Low Security (%) 100 | 100 100 100 100 Level 1 . | . . . . Level 2 . | . . . . Level 3 . | . . . . Level 4 . | . . . . Level 5 . | . . . . High Security . | . . . . Max Security . | . . . . Squads Dispatched 1 | . 1 . . Investigation . | . . . . Extermination . | . . . . Reinforcement 1 | . 1 . . Assault . | . . . . Garrison . | . . . . Intercept . | . . . . Construction Impeded . | . . . . Haulers Reinforced . | . . . . Stealth | -11 -10 -9 -9 --------- Run | Scr Mat Mat Min Distress Signals 3 | . . 3 . Communications Jammed . | . . . . Distress Signals . | . . . . Times Spotted 29 | . 7 18 4 Peak Tracking Total 8 | . 3 8 3 Tactical Retreats 2 | . . 1 1 Traps | -11 -10 -9 -9 ------- Run | Scr Mat Mat Min Traps Triggered 1 | . 1 . . Indirectly . | . . . . Trap Hack Attempts . | . . . . Triggered . | . . . . Disarmed . | . . . . Reprogrammed . | . . . . Reused . | . . . . Traps Extracted . | . . . . Installed . | . . . . Triggered . | . . . . Machines | -11 -10 -9 -9 ---------- Run | Scr Mat Mat Min Machines Disabled . | . . . . Max in Single Turn . | . . . . Machines Sabotaged . | . . . . Garrisons Compromised . | . . . . Overloaded Fab Kills . | . . . . Fab Network Shutdowns . | . . . . Hacking | -11 -10 -9 -9 --------- Run | Scr Mat Mat Min Machines Accessed 4 | . 4 . . Terminals 4 | . 4 . . Fabricators . | . . . . Repair Stations . | . . . . Recycling Units . | . . . . Scanalyzers . | . . . . Garrison Access . | . . . . Total Hacks 10 | . 10 . . Successful 5 | . 5 . . Failed 5 | . 5 . . Catastrophic . | . . . . Database Lockouts . | . . . . Manual . | . . . . Terminals 10 | . 10 . . Fabricators . | . . . . Repair Stations . | . . . . Recycling Units . | . . . . Scanalyzers . | . . . . Garrison Access . | . . . . Terminal Hacks 5 | . 5 . . Robot Analysis 1 | . 1 . . Prototype ID Bank 1 | . 1 . . Unreport Threat 1 | . 1 . . Maintenance Status 1 | . 1 . . Hauler Manifests 1 | . 1 . . Fabricator Hacks . | . . . . Repair Station Hacks . | . . . . Recycling Unit Hacks . | . . . . Scanalyzer . | . . . . Garrison Access Hacks . | . . . . Unauthorized Hacks . | . . . . Terminals . | . . . . Fabricators . | . . . . Repair Stations . | . . . . Recycling Units . | . . . . Scanalyzers . | . . . . Garrison Access . | . . . . Data Cores Recovered . | . . . . Used . | . . . . Hacking Detections 1 | . 1 . . Full Trace Events . | . . . . Feedback Events . | . . . . Feedback Blocked . | . . . . Robot Schematics Acquired . | . . . . Robots Built . | . . . . Matter . | . . . . Time . | . . . . Total Robot Build Rating . | . . . . Part Schematics Acquired . | . . . . Parts Built . | . . . . Matter . | . . . . Time . | . . . . Total Part Build Rating . | . . . . Parts Repaired . | . . . . Time . | . . . . Parts Recycled . | . . . . Recycled Matter . | . . . . Retrieved Matter . | . . . . Retrieved Components . | . . . . Parts Scanalyzed . | . . . . Part Schematics Acquired . | . . . . Parts Damaged . | . . . . Bothacking | -11 -10 -9 -9 ------------ Run | Scr Mat Mat Min Used RIF Installer . | . . . . Robots Hacked . | . . . . Non-combat . | . . . . Combat . | . . . . Robot Hacks Applied . | . . . . Relay Couplers Released . | . . . . Robots Rewired . | . . . . Allies Hacked . | . . . . Hacks Repelled . | . . . . Allies | -11 -10 -9 -9 -------- Run | Scr Mat Mat Min Total Allies . | . . . . Largest Group . | . . . . Highest-Rated Group . | . . . . Highest-Rated Ally . | . . . . Total Orders . | . . . . Ally Attacks . | . . . . Total Damage . | . . . . Kills . | . . . . Allies Corrupted . | . . . . Allies Melted . | . . . . Intel | -11 -10 -9 -9 ------- Run | Scr Mat Mat Min Robot Analysis Total 1 | . 1 . . Derelict Logs Recovered . | . . . . Drone Launches . | . . . . Drone Recoveries . | . . . . Exploration | -11 -10 -9 -9 ------------- Run | Scr Mat Mat Min Turns Passed 1380 | 57 698 569 56 Spaces Moved 710 | 50 430 226 4 Core 1 | 1 . . . Treads 100 | . 45 51 4 Legs 422 | . 247 175 . Wheels 187 | 49 138 . . Hover . | . . . . Flight . | . . . . Fastest Speed 50 | 50 90 150 180 Average Speed 140 | 86 134 163 180 Slowest Speed 210 | 90 180 210 180 Overloaded Moves . | . . . . Propulsion Burnouts . | . . . . Robots Hopped . | . . . . Cave-ins Triggered . | . . . . Exploration Rate (%) 24 | 3 60 29 5 Regions Visited 3 Branch Regions 1 Pre-discovered Areas . | . . . . Known Exits Taken . | . . . . Unknown Exits Taken 3 | 1 1 1 . Scrap Searched . | . . . . Spaces Dug . | . . . . Terrain Destroyed . | . . . . Melee . | . . . . Projectile . | . . . . AOE . | . . . . Terrain Rammed . | . . . . Walls Destroyed . | . . . . Machines Disabled . | . . . . Actions | -11 -10 -9 -9 --------- Run | Scr Mat Mat Min Total 928 | 60 501 339 28 Wait 41 | . 10 31 . Move 707 | 49 429 225 4 Hop . | . . . . Pick Up 23 | 4 10 9 . Fast Attach 25 | 6 10 9 . Attach 9 | . 1 7 1 Detach . | . . . . Swap 9 | 1 4 4 . Drop 21 | . 12 9 . Fire 73 | . 25 35 13 Melee 16 | . . 10 6 Ram . | . . . . Kick . | . . . . Crush 4 | . . . 4 Escape Stasis . | . . . . Rewire . | . . . . Trap . | . . . . Miscellaneous . | . . . . Route ------- -11/Scrapyard -10/Materials (discovered 2 exits: [*Mat] / [*Min]) -9/Materials (discovered 2 exits: [*Min] / [*Sto]) -9/Mines History --------- Turn | Location | Event 40 | -11/Scrapyard | Discovered new exit (range 15) 58 | -11/Scrapyard | Entered Materials 309 | -10/Materials | Build established: Mutant 381 | -10/Materials | Discovered new exit (range 12) 407 | -10/Materials | Discovered new exit (range 13) 756 | -10/Materials | Entered another Materials area 756 | -9/Materials | Evolved 2 slots: Utility x1, Weapon x1 821 | -9/Materials | Discovered new exit (range 13) 1115 | -9/Materials | Lost 5 parts (1p1n3w) 1170 | -9/Materials | Discovered new exit (range 14) 1231 | -9/Materials | Core integrity fell below 50% 1278 | -9/Materials | Lost 4 parts (1p1n2w) 1325 | -9/Materials | Entered Mines 1334 | -9/Mines | Core integrity fell below 20% 1354 | -9/Mines | Met a Derelict bent on vengeance 1381 | -9/Mines | Destroyed by G-34 Mercenary with Small Laser Last Messages --------------- 01297_ Acquired Ion Engine. 01301_ W-16 Scout sends out distress signal. LOCATION=UNKNOWN GOAL=ESCAPE Something is scanning the area. 01325_ Sneak attack on G-47 Trooper. 01326_ Cooling System destroyed. 01327_ Sml. Laser destroyed. 01331_ Slammed into G-47 Trooper. 01339_ Acquired 4 matter. 01349_ Lgt. Armor Plating destroyed. 01355_ Destroyed Lgt. Nuclear Core. 01361_ Lgt. Assault Rifle destroyed. 01365_ Lgt. Treads destroyed. 01369_ Destroyed Imp. Heat Sink. 01369_ Destroyed Particle Gun. 01369_ G-47 Trooper system corrupted by crushing effect. 01370_ G-47 Trooper system terminally corrupted. 01372_ Acquired 4 matter. 01378_ Lgt. Nuclear Core destroyed. Map ----- +----------------------------------------------------+ | | | | | | | | | | | | | | | | | | | | | ????????????????????????????????????????????? | | ????????????????????????????????????????????? | | ???????????????????????###??????????????????? | | ??????????????????????? ??????????????????? | | ??????????????????????? ??????????????????? | | ???????????????????????# ??????????????????? | | ??????????????????????##u ??????????????????? | | ?????????????????????## ##????????????????? | | ????????????????????## #????????????????? | | ???????????????###### ?????????????????? | | ????????????????$ ?????????????????? | | ?????????????????# ?????????????????? | | ??????????????????? ????#####????????? | | ????????????????????? #????# #????????? | | ??????????????????????? #????# #????????? | | ????????????????????????#@###### #????????? | | ????????????????????????#gg %%% #????????? | | ????????????????????????######## #????????? | | ???????????????????????????????# ?????? | | ???????????????????????????????# #####????? | | ???????????????????????????????# #????????? | | ???????????????????????????????#####????????? | | ????????????????????????????????????????????? | | ????????????????????????????????????????????? | | ????????????????????????????????????????????? | | ????????????????????????????????????????????? | | ????????????????????????????????????????????? | | ????????????????????????????????????????????? | | ????????????????????????????????????????????? | | ????????????????????????????????????????????? | | ????????????????????????????????????????????? | | ????????????????????????????????????????????? | | ????????????????????????????????????????????? | | ????????????????????????????????????????????? | | ????????????????????????????????????????????? | | ????????????????????????????????????????????? | | ????????????????????????????????????????????? | | ????????????????????????????????????????????? | | ????????????????????????????????????????????? | | ????????????????????????????????????????????? | +----------------------------------------------------+ Best States ------------- Heat Dissipation 50 Energy Generation 14 Energy Capacity 265 Matter Stores 300 Matter Capacity 300 Sight Range 16 Terrain Scan Density 10 Armor Coverage 150 Evasion (%) 44 Targeting Accuracy 6 Recoil Reduction 2 Item Schematics ----------------- None Robot Schematics ------------------ None Fabricated ------------ Nothing Alien Tech Used ----------------- None Achievements -------------- None Challenges ------------ None Game ------ Seed HelicalThrusterPenetrator Manual? 0 Play Time 00:17:20 Cumulative 361.7 hours Start 2021.02.23 @ 22:35:55 End 2021.02.23 @ 22:52:19 Sessions 1 Manual Loads 0 Difficulty Rogue Special Mode None Game No. 37 Rogue 6 Adventurer 31 Explorer 0 Win Type - Total 20 Types 15/0/2/3/0/0/0/0/0 Lore% 56 Gallery% 72 Achievement% 56 Wizard Run 0 Options --------- ASCII 0 Keyboard 0 Movement Arrows Keybinds 0 Fullscreen 1 Font 20/Terminus Map View 66x50 Tactical HUD 1 Map Filters NONE Filters NONE Steam 1 RUN: 66a089e0-bbf8-48ed-b7ad-2771488367a1